[Event "Late-Titled-Tuesday-Blitz-April-23-2024"]
[Site "Chess.com"]
[Date "2024.04.23"]
[Round "2"]
[White "Polish_fighter3000"]
[Black "Meri-Arabidze"]
[Result "1-0"]
[WhiteElo "3120"]
[BlackElo "2679"]
[TimeControl "180+1"]
[EndTime "14:17:57 PDT"]
[Termination "Polish_fighter3000 won on time"]

1. c4 e5 2. b3 Nc6 3. Bb2 Nf6 4. a3 a5 5. e3 Be7 6. Nc3 O-O 7.
g4 d6 8. g5 Nd7 9. h4 Nc5 10.
d4 exd4 11. exd4 Nxd4 12. Qxd4 Nxb3 13. Qd3 Nxa1 14. Bxa1 Re8 15. Nge2 c6 16. Bg2 d5 17. cxd5 Bxa3 18. O-O Bb4 19. Nf4 Bg4 20. dxc6 Qxd3 21.
Nxd3 Bxc3 22. cxb7 Rad8 23. Bxc3 Rxd3 24. Re1 Rf8 25. Bxa5 Rb3 26. Bc7 h5 27. Ra1 Bh3 28. Bd5 Rb5 29. Ra8 1-0

[Event "Late-Titled-Tuesday-Blitz-April-23-2024"]
[Site "Chess.com"]
[Date "2024.04.23"]
[Round "2"]
[White "jessy-molina"]
[Black "Kopytkin"]
[Result "1-0"]
[WhiteElo "2155"]
[BlackElo "2433"]
[TimeControl "180+1"]
[EndTime "14:17:57 PDT"]
[Termination "jessy-molina won on time"]

1. d4 Nf6 2. Bf4 c5 3. e3 cxd4 4. exd4 d5 5. Nf3 Nc6 6. c3 Bg4 7. Be2 e6 8. O-O Bd6 9. Ne5 Bxe2 10. Qxe2 O-O 11. Nd2 Qc7 12. Ndf3 Nd7 13. Nxd7 Qxd7 14.
Bxd6 Qxd6 15. Ne5 Rab8 16. Nxc6 Qxc6 17. f4 g6 18. Rf3 b5 19. a3 a5 20. Rh3 f6 21.
Re1 Rfe8 22. Qg4 b4 23. axb4 axb4 24. Qh4 Rb7 25. Qxf6 Rf7 26. Qe5 bxc3 27. bxc3 Rf5 28. Qe3 Qd6 29. Rf3 Kf7 30. g4 Rf6 31. Qe5 Qc6 32. Ref1 Re7 33. f5 exf5 34. Qb8 Qc7 35.
Qh8 Ke6 36. gxf5+ Kd6 37. Qxf6+ Kd7 38. fxg6 hxg6 39. Qxe7+ Kxe7 40. Rf7+ Ke6 41. Rxc7 1-0

[Event "Late-Titled-Tuesday-Blitz-April-23-2024"]
[Site "Chess.com"]
[Date "2024.04.23"]
[Round "2"]
[White "Hikaru"]
[Black "RealPerangel"]
[Result "1-0"]
[WhiteElo "3311"]
[BlackElo "2698"]
[TimeControl "180+1"]
[EndTime "14:17:58 PDT"]
[Termination "Hikaru won by resignation"]

1. h4 c5 2. e4 Nc6 3. c3 d5 4. exd5 Qxd5 5. Na3 Nf6 6. d4 cxd4 7. Nb5 Qd8 8. Nf3 e5 9. cxd4 exd4 10. Nfxd4 Bb4+ 11. Bd2 Bxd2+ 12. Qxd2 O-O 13. Nxc6 bxc6 14. Qxd8 Rxd8 15.
Nc3 Rb8 16. b3 Be6 17. f3 c5 18. Rc1 c4 19. bxc4 Rb2 20. Be2 Nh5 21. Kf2 Nf4 22.
Rhd1 Re8 23. Kf1 Nxe2 24. Nxe2 Bxc4 25. Rxc4 Rbxe2 26. Ra4 R2e7 27. h5 h6 28. Kf2 g6 29.
hxg6 fxg6 30. Rd6 Rg7 31. Raa6 Kh7 32. a4 Re5 33. f4 Rf5 34. g3 h5 35. Kf3 Rc5 36.
Kg2 Rc1 37. Re6 Rc2+ 38. Kh3 Rc5 39. Red6 Rf5 40. Rf6 Rc5 41. Rfe6 Rd5 42. Rac6 Ra5 43. Re4 Rd5 44. Rec4 a5 45. R6c5 Rgd7 46. Kh4 Kh6 47. Rc1 R7d6 48. Rc8 Rd2 49. Kh3 Rd1 50. R1c7 Rd7 51.
Rxd7 Rxd7 52. Rc5 Ra7 53. Kh4 Ra6 54. Rb5 Ra7 55. Rb6 Rd7 56. Rb5 Ra7 57. f5 g5+ 58. Kh3 Kg7 59. Rb6 Kh7 60. Rg6 Rg7 61. Ra6 Rf7 62.
Rxa5 Kg7 63. g4 h4 64. Ra6 Rc7 65. Rg6+ 1-0

[Event "Late-Titled-Tuesday-Blitz-April-23-2024"]
[Site "Chess.com"]
[Date "2024.04.23"]
[Round "2"]
[White "Attacker_2006"]
[Black "TheBigBoss04"]
[Result "0-1"]
[WhiteElo "2552"]
[BlackElo "2795"]
[TimeControl "180+1"]
[EndTime "14:17:59 PDT"]
[Termination "TheBigBoss04 won on time"]

1. e4 c6 2. d4 d5 3. e5 Bf5 4. h4 a6 5. c4 e6 6. Nc3 dxc4 7. Bxc4 h6 8. Nge2 Ne7 9. Ng3 Bh7 10. Be3 Nd7 11. O-O Nf5 12. h5 Be7 13. Qg4 O-O 14.
Bd3 Nxe5 15. dxe5 Qxd3 16. Nxf5 Qxf5 17. Qxf5 Bxf5 18. Rfd1 Rfd8 19. Bb6 Rxd1+ 20. Rxd1 Bg4 21. Rd7 Bb4 22. Ne4 Bxh5 23. Rxb7 Bg6 24. Nd6 Bd2 25. g3 a5 26. Rc7 a4 27. Rxc6 a3 28. b3 Bb1 29.
Nc4 Bb4 30. Rc7 Bxa2 31. Bc5 Bxc5 32. Rxc5 Bb1 33. b4 a2 0-1

[Event "Late-Titled-Tuesday-Blitz-April-23-2024"]
[Site "Chess.com"]
[Date "2024.04.23"]
[Round "2"]
[White "David_ATM"]
[Black "chessdjw"]
[Result "0-1"]
[WhiteElo "2455"]
[BlackElo "2801"]
[TimeControl "180+1"]
[EndTime "14:17:59 PDT"]
[Termination "chessdjw won on time"]

1. e4 e5 2. Nf3 Nc6 3. Bb5 a6 4. Ba4 Nf6 5. d3 b5 6. Bb3 Bc5 7. Nc3 d6 8. h3 O-O 9. Nd5 Nxd5 10.
Bxd5 Bd7 11. a3 Rb8 12. Be3 Bxe3 13. fxe3 Ne7 14. Ba2 Ng6 15. O-O Qe7 16. Qe1 Be6 17.
Bxe6 Qxe6 18. Nh4 Nxh4 19. Qxh4 a5 20. Qf2 a4 21. Qf5 Qe7 22. d4 b4 23. axb4 Rxb4 24.
c3 Rxb2 25. Rxa4 Re2 26. Qf3 Rc2 27. Rc4 Rb8 28. Rf2 Rb1+ 29. Kh2 Rcc1 30. Qg4 Rh1+ 31.
Kg3 Rb8 32. Rb4 Re8 33. d5 g6 34. Rfb2 h5 35. Qf3 Qg5+ 36. Kf2 Qh4+ 37. Ke2 Qe1+ 38. Kd3 Qa1 39. Rb8 Rd1+ 40. Kc4 Qa6+ 0-1

[Event "Late-Titled-Tuesday-Blitz-April-23-2024"]
[Site "Chess.com"]
[Date "2024.04.23"]
[Round "2"]
[White "boracilek"]
[Black "rhwr"]
[Result "1-0"]
[WhiteElo "2516"]
[BlackElo "2285"]
[TimeControl "180+1"]
[EndTime "14:17:59 PDT"]
[Termination "boracilek won by resignation"]

1. d4 c5 2. d5 Nf6 3. Nc3 e5 4. e4 d6 5. Be2 Be7 6. Nf3 O-O 7. O-O Na6 8. a4 Nc7 9. Nd2 a6 10. a5 Bd7 11. Nc4 Nb5 12. Qd3 Nd4 13. f4 exf4 14. Bxf4 Bb5 15. Nxb5 axb5 16. Nb6 Ra6 17. b4 Nd7 18. bxc5 dxc5 19. d6 Bf6 20. Nxd7 Nxe2+ 21. Qxe2 Bd4+ 22. Be3 Qxd7 23. Bxd4 cxd4 24. e5 Re8 25. Rab1 Rxd6 26. Qxb5 Rd5 27. Qxb7 Qxb7 28. Rxb7 Rxa5 29.
Rfxf7 Ra1+ 30. Kf2 Rf8 31. e6 Rxf7+ 32. exf7+ Kf8 33.
Ke2 Ra3 34. Kd2 g5 35. Rd7 h6 36. Rxd4 Kxf7 37. Rd6 Kg7 38. g3 Rf3 39. c4 Rf2+ 40. Kc3 Rxh2 41. c5 Kf7 42. c6 Ke7 43. c7 Kxd6 44. c8=Q Ke5 45. Kd3 h5 46. Qc7+ Kf5 47.
g4+ Kxg4 48. Qxh2 h4 49. Ke3 h3 50. Ke4 Kh4 51. Kf5 g4 52. Kf4 Kh5 53. Qg3 1-0

[Event "Late-Titled-Tuesday-Blitz-April-23-2024"]
[Site "Chess.com"]
[Date "2024.04.23"]
[Round "2"]
[White "yobdc"]
[Black "WoodlandMagic"]
[Result "0-1"]
[WhiteElo "2591"]
[BlackElo "2838"]
[TimeControl "180+1"]
[EndTime "14:18:00 PDT"]
[Termination "WoodlandMagic won by resignation"]

1. d4 Nf6 2. Nc3 d5 3. Bf4 a6 4. e3 h6 5. Nf3 e6 6. Bd3 b5 7.
O-O Bb7 8. a4 b4 9. Ne2 c5 10. c4 Nbd7 11. Ne5 Be7 12. cxd5 Nxd5 13. Bg3 O-O 14. Rc1 Bf6 15. Nxd7 Qxd7 16. Rxc5 Rfc8 17. Rxc8+ Rxc8 18. Qb3 a5 19. Bb5 Bc6 20. Bxc6 Qxc6 21. e4 Nb6 22. d5 exd5 23. e5 Be7 24. Nd4 Qxa4 25. Qd3 Qd7 26. Nf5 Bf8 27. f4 Nc4 28. b3 Nb2 29. Qb1 a4 30. Qxb2 Qxf5 31. bxa4 Rc2 32. Qb3 Qe4 33. Bf2 Bc5 34. h3 Rxf2 35. Rxf2 Qe1+ 36. Kh2 Qxf2 37. Qxd5 Qxf4+ 38. Kh1 Qf1+ 39. Kh2 Bg1+ 40. Kg3 Qf2+ 41. Kg4 Qd4+ 42. Qxd4 Bxd4 0-1

[Event "Late-Titled-Tuesday-Blitz-April-23-2024"]
[Site "Chess.com"]
[Date "2024.04.23"]
[Round "2"]
[White "ColorsTrilogy"]
[Black "Sanyura"]
[Result "0-1"]
[WhiteElo "2389"]
[BlackElo "2628"]
[TimeControl "180+1"]
[EndTime "14:18:01 PDT"]
[Termination "Sanyura won by resignation"]

1. e4 c5 2. Nf3 e6 3. d3 d5 4.
Qe2 Ne7 5. g3 Nbc6 6. Bg2 g6 7.
O-O Bg7 8. c3 b6 9. Rd1 Ba6 10.
e5 Qc7 11. Bf4 h6 12. h4 g5 13. hxg5 hxg5 14. Nxg5 Bxe5 15. Be3 Nf5 16. Nd2 d4 17. cxd4 Ncxd4 18. Bxd4 Nxd4 19. Qe4 Rd8 20. Re1 Bf6 21. Ndf3 Bb7 22. Qg4 Bxg5 23. Nxg5 Bxg2 24. Kxg2 Qc6+ 25. f3 Ke7 26. Re4 f5 27. Qf4 fxe4 28.
Qf7+ Kd6 29. dxe4 Qd7 30. e5+ Kc6 31. Qf4 Rdf8 32. Qe4+ Qd5 0-1

[Event "Late-Titled-Tuesday-Blitz-April-23-2024"]
[Site "Chess.com"]
[Date "2024.04.23"]
[Round "2"]
[White "Lady_Nika"]
[Black "PawnEatingZombie"]
[Result "1-0"]
[WhiteElo "2498"]
[BlackElo "2239"]
[TimeControl "180+1"]
[EndTime "14:18:01 PDT"]
[Termination "Lady_Nika won by checkmate"]

1. g4 e5 2. Bg2 Ne7 3. d3 Ng6 4.
Nf3 h5 5. gxh5 Nh4 6. Nxh4 Qxh4 7. Nc3 c6 8. Ne4 Be7 9. Ng3 d5 10. Bd2 Bh3 11. Bxh3 Qxh3 12. c3 Nd7 13. Qb3 O-O-O 14. O-O-O Nc5 15. Qc2 Ne6 16. e4 dxe4 17. dxe4 Nf4 18.
Be3 Kb8 19. Qa4 a6 20. Nf5 Bg5 21. Kb1 Qxh5 22. a3 g6 23. Nd6 Rxd6 24. Rxd6 Qf3 25.
Rhd1 Be7 26. Rd7 Bh4 27. Rxb7+ Kxb7 28. Rd7+ Kc8 29. Qxc6+ Kb8 30. Qb7# 1-0

[Event "Late-Titled-Tuesday-Blitz-April-23-2024"]
[Site "Chess.com"]
[Date "2024.04.23"]
[Round "2"]
[White "chess_sharparchitect"]
[Black "rhungaski"]
[Result "1-0"]
[WhiteElo "2246"]
[BlackElo "2479"]
[TimeControl "180+1"]
[EndTime "14:18:01 PDT"]
[Termination "chess_sharparchitect won by resignation"]

1. c4 g6 2. Nc3 Bg7 3. d4 c5 4.
Nf3 d6 5. dxc5 Bxc3+ 6. bxc3 dxc5 7. Qxd8+ Kxd8 8. Bf4 Be6 9. e4 h6 10. O-O-O+ Nd7 11. Be2 Nf6 12. Nd2 Kc8 13. h3 h5 14.
e5 Nh7 15. Ne4 h4 16. Bg4 Nhf8 17. Ng5 Bxg4 18. hxg4 f6 19. exf6 exf6 20. Nf7 Rh7 21.
Rhe1 b6 22. Re8+ Kb7 23. Nd6+ Ka6 24. Rxa8 Ne6 25. Nb5 Ndf8 26. Bd6 Kb7 27. Rxa7+ Kc6 28. Bxf8 Rxa7 29. Nxa7+ Kb7 30. Rd7+ Ka6 31. Nb5 1-0

[Event "Late-Titled-Tuesday-Blitz-April-23-2024"]
[Site "Chess.com"]
[Date "2024.04.23"]
[Round "2"]
[White "Cmorales2001"]
[Black "GothamChess"]
[Result "1-0"]
[WhiteElo "2428"]
[BlackElo "2692"]
[TimeControl "180+1"]
[EndTime "14:18:02 PDT"]
[Termination "Cmorales2001 won on time"]

1. c4 g6 2. d4 Bg7 3. Nf3 d6 4. Nc3 Bg4 5. e3 Nc6 6. Be2 e5 7. d5 Nce7 8. Nd2 Bd7 9. c5 a6 10. cxd6 cxd6 11. Nc4 Nc8 12. a4 Nge7 13. O-O O-O 14.
e4 f5 15. f4 fxe4 16. fxe5 dxe5 17. Bg5 h6 18. Be3 Nf5 19. Bc5 Nce7 20. Nxe4 b5 21. Nb6 Rb8 22. a5 Kh7 23. Rc1 Be8 24. d6 Ng8 25. d7 Bf7 26. Bxf8 Qxf8 27. Rc8 Rxc8 28.
dxc8=Q Qb4 29. Ng3 Ne3 30. Qdd7 Nxf1 31. Qxf7 Nf6 32.
Qcc7 Qd4+ 33. Kxf1 Ne8 34. Qxe8 1-0

[Event "Late-Titled-Tuesday-Blitz-April-23-2024"]
[Site "Chess.com"]
[Date "2024.04.23"]
[Round "2"]
[White "SchmakAttack"]
[Black "Mackster23"]
[Result "0-1"]
[WhiteElo "2813"]
[BlackElo "2599"]
[TimeControl "180+1"]
[EndTime "14:18:04 PDT"]
[Termination "Mackster23 won by resignation"]

1. Nf3 Nf6 2. c4 e6 3. e3 c5 4. b3 b6 5. Bb2 Bb7 6. Nc3 Nc6 7. Be2 d5 8. cxd5 Nxd5 9. O-O Nf6 10. Qc2 Rc8 11.
Rad1 Be7 12. d4 cxd4 13. Nxd4 Nxd4 14. Rxd4 Qc7 15. Rc4 Qb8 16. Rxc8+ Qxc8 17. Bb5+ Kf8 18.
Rd1 h5 19. Be2 h4 20. h3 Rh6 21. Bd3 Qc6 22. f3 Bc5 23. Qe2 Qc7 24. a3 Nh5 25. b4 Nf4 26. Qd2 Nxh3+ 27. gxh3 Qg3+ 28. Qg2 Bxe3+ 29. Kf1 Bxf3 30. Qxg3 hxg3 31. Ne2 Rxh3 32. Bd4 Rh1+ 0-1

[Event "Late-Titled-Tuesday-Blitz-April-23-2024"]
[Site "Chess.com"]
[Date "2024.04.23"]
[Round "2"]
[White "Mindhunter08"]
[Black "krzyzan94"]
[Result "1-0"]
[WhiteElo "2595"]
[BlackElo "2808"]
[TimeControl "180+1"]
[EndTime "14:18:04 PDT"]
[Termination "Mindhunter08 won by checkmate"]

1. e4 c6 2. d4 d5 3. e5 Bf5 4.
h4 h5 5. Bd3 Bxd3 6. Qxd3 Qa5+ 7. Nd2 e6 8. Ne2 Qa6 9. c4 Bb4 10. b3 Ne7 11. Ng3 c5 12. dxc5 Nd7 13. Qe3 Bxc5 14.
Qg5 Bd4 15. Rb1 Bxe5 16. O-O Qxa2 17. cxd5 Nxd5 18. Re1 Bxg3 19. Qxd5 Bxh4 20. Bb2 O-O 21. Qxh5 Bf6 22. Nc4 Qa6 23. Re3 g6 24. Qh6 Bxb2 25.
Rh3 Rfc8 26. Rxb2 Qa1+ 27. Kh2 Qxb2 28. Nxb2 f5 29. Qh8+ Kf7 30. Rh7# 1-0

[Event "Late-Titled-Tuesday-Blitz-April-23-2024"]
[Site "Chess.com"]
[Date "2024.04.23"]
[Round "2"]
[White "dretch"]
[Black "Bykov_Egor"]
[Result "1-0"]
[WhiteElo "2914"]
[BlackElo "2613"]
[TimeControl "180+1"]
[EndTime "14:18:06 PDT"]
[Termination "dretch won by resignation"]

1. d4 Nf6 2. c4 e6 3. Nf3 b6 4. g3 Ba6 5. Qa4 c5 6. Bg2 Bb7 7. dxc5 Bxc5 8. O-O O-O 9. Nc3 Be7 10.
Bf4 Na6 11. Rad1 Nc5 12. Qc2 Nfe4 13. Nb5 a6 14. Nc7 Rc8 15. b4 g5 16. Be5 f6 17.
bxc5 Nxc5 18. Nxg5 fxg5 19. Nxe6 Bxg2 20. Nxd8 Bxf1 21.
Kxf1 Bxd8 22. Rd6 Rf7 23. Rh6 Rc6 24. Rxc6 dxc6 25. Kg2 Be7 26. f3 b5 27. cxb5 axb5 28. Ba1 Bf8 29. Qc3 Bg7 30. Qxc5 Bxa1 31. Qxc6 Re7 32. Qxb5 Bf6 33. a4 Kg7 34. a5 Bd4 35. Qxg5+ Kf7 36. Qd5+ 1-0

[Event "Late-Titled-Tuesday-Blitz-April-23-2024"]
[Site "Chess.com"]
[Date "2024.04.23"]
[Round "2"]
[White "Karacsonyi_Gellert"]
[Black "Naruna_Chan"]
[Result "1-0"]
[WhiteElo "2757"]
[BlackElo "2451"]
[TimeControl "180+1"]
[EndTime "14:18:07 PDT"]
[Termination "Karacsonyi_Gellert won on time"]

1. e4 c5 2. Nf3 Nc6 3. d4 cxd4 4. Nxd4 e5 5. Nb5 d6 6. c4 Be7 7. Be3 a6 8. N5c3 Nf6 9. Nd5 O-O 10. Nbc3 Nxd5 11.
Nxd5 b5 12. Bb6 Qd7 13. cxb5 Nd4 14. Bxd4 exd4 15. Nb6 Qb7 16. Nxa8 Qxa8 17. Bd3 axb5 18. O-O Bf6 19. Qb3 Bb7 20. Qxb5 Bxe4 21. Bxe4 Qxe4 22.
Rfe1 Qc2 23. Rac1 Qd2 24. Qe2 Qa5 25. a3 h6 26. Qd3 Rb8 27. b4 Qa4 28. Qh3 Qa6 29.
Qd7 d3 30. Re8+ Rxe8 31. Qxe8+ Kh7 32. Qe4+ g6 33. Rd1 d2 34. Rxd2 Qxa3 35. Qd5 Qxb4 36. Qxf7+ Bg7 37. Qd5 Be5 38. g3 h5 39. Rd1 Qb6 40. Rc1 Bd4 41. Kg2 Bc5 42. Qf7+ Kh6 43. Qf8+ Kh7 44. Re1 d5 45. Qf7+ Kh6 46. Re8 Kg5 47.
h4+ 1-0

[Event "Late-Titled-Tuesday-Blitz-April-23-2024"]
[Site "Chess.com"]
[Date "2024.04.23"]
[Round "2"]
[White "VD_coach"]
[Black "DanielDardha2005"]
[Result "0-1"]
[WhiteElo "2601"]
[BlackElo "2858"]
[TimeControl "180+1"]
[EndTime "14:18:09 PDT"]
[Termination "DanielDardha2005 won on time"]

1. d4 d5 2. c4 c6 3. Nf3 Nf6 4. Nc3 a6 5. e3 Bf5 6. Bd3 Bg6 7. O-O e6 8. b3 Nbd7 9. Bb2 Bd6 10. Rc1 O-O 11. Qe2 Ne4 12. Rfd1 Rc8 13. Nd2 Nxc3 14. Bxc3 Bxd3 15. Qxd3 b5 16. e4 Bb8 17. e5 dxc4 18. bxc4 Nxe5 19. Qe2 Ng6 20. g3 Re8 21. h4 Ne7 22. h5 h6 23. Ne4 bxc4 24. d5 Nxd5 25. Qg4 e5 26. Ba1 Rf8 27. Rxc4 f5 28. Qg6 fxe4 29. Rxc6 Qd7 30. Rxc8 Rxc8 31. Qxe4 Nf6 0-1

[Event "Late-Titled-Tuesday-Blitz-April-23-2024"]
[Site "Chess.com"]
[Date "2024.04.23"]
[Round "2"]
[White "Stanbad1"]
[Black "Indefatigable11"]
[Result "0-1"]
[WhiteElo "2614"]
[BlackElo "2411"]
[TimeControl "180+1"]
[EndTime "14:18:09 PDT"]
[Termination "Indefatigable11 won by checkmate"]

1. d4 Nf6 2. Nc3 d5 3. Bf4 e6 4. Nb5 Na6 5. e3 Be7 6. Nf3 O-O 7. h3 c5 8. c3 Bd7 9. a4 c4 10.
b3 cxb3 11. Qxb3 Qa5 12. Bd3 Bxb5 13. Bxb5 Ne4 14. O-O Nxc3 15. Bd3 Qb4 16. Qc2 h6 17. Rfb1 Nxb1 18. Rxb1 Qa5 19. Rxb7 Bf6 20. Bd6 Rfc8 21. Qd1 Rc6 22. Be5 Rac8 23. Kh2 Bxe5+ 24. Nxe5 Rc1 25.
Qg4 R8c7 26. Rb5 Qe1 27. Rb2 Nb4 28. Be2 Qc3 29. Rxb4 Qxb4 30. Nd3 Qd2 31. Nxc1 Rxc1 32. Bf3 Qxf2 33. Qf4 Re1 34. Qb8+ Kh7 35. Qf4 Qxe3 36.
Qxf7 Qxd4 37. h4 Qxh4# 0-1

[Event "Late-Titled-Tuesday-Blitz-April-23-2024"]
[Site "Chess.com"]
[Date "2024.04.23"]
[Round "2"]
[White "Perecke"]
[Black "Angry_Twin"]
[Result "0-1"]
[WhiteElo "2620"]
[BlackElo "2926"]
[TimeControl "180+1"]
[EndTime "14:18:11 PDT"]
[Termination "Angry_Twin won by resignation"]

1. e4 c5 2. Nf3 d6 3. d4 cxd4 4. Nxd4 Nf6 5. Nc3 a6 6. a4 e5 7. Nf3 Be7 8. Bc4 h6 9. O-O Be6 10. Bb3 O-O 11. Be3 Nbd7 12. a5 Rc8 13. Nd2 Nc5 14. f3 d5 15. Bxd5 Nxd5 16. exd5 Bxd5 17. Nxd5 Qxd5 18. Qe2 Ne6 19. c3 Rfd8 20. Rfd1 Bc5 21.
Nf1 Qc6 22. Qf2 Bf8 23. Ng3 Qb5 24. Bb6 Rxd1+ 25. Rxd1 Nf4 26. Nf5 Qb3 27. Rd2 Qe6 28. Ne3 Qg6 29. Qf1 h5 30. g3 h4 31. Kf2 Ne6 32.
Ng4 hxg3+ 33. hxg3 Ng5 34. Nxe5 Qf5 35. f4 Ne4+ 36.
Ke3 Nxd2 37. Kxd2 Bd6 38. Qd3 Qxd3+ 39. Nxd3 f6 40. b3 Kf7 41. c4 Ke6 42. c5 Be7 43.
Ke3 Rh8 44. Kf3 Kd5 45. Nf2 Bxc5 46. Bc7 Kc6 47. Bb6 Bxb6 48. axb6 Kxb6 0-1

[Event "Late-Titled-Tuesday-Blitz-April-23-2024"]
[Site "Chess.com"]
[Date "2024.04.23"]
[Round "2"]
[White "Denmark2015"]
[Black "artin10862"]
[Result "0-1"]
[WhiteElo "2610"]
[BlackElo "2911"]
[TimeControl "180+1"]
[EndTime "14:18:11 PDT"]
[Termination "artin10862 won on time"]

1. d4 Nf6 2. c4 b6 3. Nc3 Bb7 4. a3 e6 5. d5 c6 6. e4 cxd5 7. cxd5 exd5 8. exd5 Bc5 9. Be2 O-O 10. Nf3 Na6 11. O-O Nc7 12. Bc4 a6 13. Bf4 b5 14.
Ba2 d6 15. b4 Bb6 16. Qd3 Re8 17. h3 Rc8 18. Rac1 Ba7 19. Bg5 h6 20. Bh4 Rf8 21. Bb1 Nce8 22. Rfe1 g5 23. Nxg5 hxg5 24. Bxg5 Qb6 25.
Re3 Kg7 26. Rf3 Rh8 27. Re1 Qd4 28. Qf5 Rxc3 29. Rxe8 Rxf3 30. Bxf6+ Qxf6 0-1

[Event "Late-Titled-Tuesday-Blitz-April-23-2024"]
[Site "Chess.com"]
[Date "2024.04.23"]
[Round "2"]
[White "1g60-1"]
[Black "Andrei_Skvortsov"]
[Result "1-0"]
[WhiteElo "2435"]
[BlackElo "2739"]
[TimeControl "180+1"]
[EndTime "14:18:12 PDT"]
[Termination "1g60-1 won by resignation"]

1. e4 c5 2. Nf3 d6 3. d4 cxd4 4. Nxd4 Nf6 5. Nc3 g6 6. Be3 Bg7 7. f3 O-O 8. Qd2 d5 9. e5 Ne8 10. f4 f6 11. e6 f5 12. Nf3 Nf6 13. O-O-O Bxe6 14. Ng5 Bf7 15. Nxf7 Rxf7 16. Nxd5 Nxd5 17. Qxd5 Qxd5 18. Rxd5 Nc6 19. Bc4 e6 20. Rd6 Rc7 21. Rxe6 Kh8 22. Rd1 Rac8 23. Red6 h6 24. Bb3 Na5 25.
Rd8+ Kh7 26. Bg8+ Kh8 27. Be6+ Rxd8 28. Rxd8+ Kh7 29. Bxa7 Nc6 30. Ra8 Nxa7 31. Rxa7 Bd4 32. Ra4 Re7 33. Rxd4 Rxe6 34. Rd7+ Kg8 35. Rxb7 Re2 36.
a4 Rxg2 37. a5 Rg1+ 38. Kd2 Ra1 39. b4 Ra3 40. c4 g5 41. fxg5 hxg5 42. Rb5 Ra2+ 43.
Kd3 Kf7 44. Rxf5+ Kg6 45. Rf1 Rxh2 46. a6 Ra2 47. b5 g4 48. Kd4 Kg5 49. Kc5 g3 50.
Kc6 Kg4 51. Kb7 1-0

[Event "Late-Titled-Tuesday-Blitz-April-23-2024"]
[Site "Chess.com"]
[Date "2024.04.23"]
[Round "2"]
[White "Viktoker"]
[Black "Naoki"]
[Result "0-1"]
[WhiteElo "2345"]
[BlackElo "2537"]
[TimeControl "180+1"]
[EndTime "14:18:12 PDT"]
[Termination "Naoki won by resignation"]

1. d4 Nf6 2. Bf4 g6 3. Nc3 d5 4. e3 Bg7 5. h4 h5 6. Nf3 Bg4 7. Qd2 c5 8. Ne5 Nc6 9. Nxg4 hxg4 10. Be2 Rc8 11. dxc5 Qa5 12. Rd1 e6 13. Bg5 Qxc5 14. O-O Ne5 15. Bb5+ Nfd7 16. e4 Nc4 17. Bxd7+ Kxd7 18. Qe2 d4 19. Qxg4 Nxb2 20. Nd5 Nxd1 21. Rxd1 f5 22.
Qf4 Qxc2 23. Rd2 Qc1+ 24. Kh2 exd5 25. exf5 Qc7 26. f6 Qxf4+ 27. Bxf4 Bxf6 28. g3 Ke6 29.
Kg2 Rc4 30. Re2+ Kf7 31. Rb2 b6 32. Rb5 Rc5 33. Rb4 Rhc8 34. Rb3 Rc2 35. Rf3 R8c3 36. Be5 Rxf3 0-1

[Event "Late-Titled-Tuesday-Blitz-April-23-2024"]
[Site "Chess.com"]
[Date "2024.04.23"]
[Round "2"]
[White "grzechu96"]
[Black "Statham_01"]
[Result "1-0"]
[WhiteElo "2795"]
[BlackElo "2551"]
[TimeControl "180+1"]
[EndTime "14:18:14 PDT"]
[Termination "grzechu96 won by resignation"]

1. e4 e6 2. d4 d5 3. Nc3 Nf6 4. Bg5 Be7 5. e5 Ng8 6. Be3 h5 7. Bd3 Nd7 8. f4 c5 9. dxc5 Nxc5 10. Qe2 Bd7 11. O-O-O Nxd3+ 12. Rxd3 g6 13. Bd4 Qa5 14. Nf3 b5 15. Nxd5 b4 16. Nf6+ Bxf6 17. exf6 Bb5 18. Qe4 Rc8 19. Rhd1 Bxd3 20. Qxd3 Nh6 21. Bc5 Qc7 22.
Ne5 Nf5 23. Qb5+ Qc6 24. Nxc6 a6 25. Qa4 Ne7 26. Nxe7+ Kf8 27. Nxg6+ Kg8 28. Ne7+ Kh7 29. Nxc8 b3 30. Qxb3 Rxc8 31. Qd3+ Kh6 32. Qg3 Rg8 33.
Qxg8 1-0

[Event "Late-Titled-Tuesday-Blitz-April-23-2024"]
[Site "Chess.com"]
[Date "2024.04.23"]
[Round "2"]
[White "profedechess93"]
[Black "nihalsarin"]
[Result "0-1"]
[WhiteElo "2686"]
[BlackElo "3138"]
[TimeControl "180+1"]
[EndTime "14:18:15 PDT"]
[Termination "nihalsarin won by resignation"]

1. e4 g6 2. d4 Bg7 3. Nc3 a6 4. Be3 b5 5. Qd2 Bb7 6. f3 d6 7. h4 h6 8. a4 b4 9. Na2 a5 10. c3 bxc3 11. Nxc3 Nd7 12. h5 g5 13.
Bc4 Nb6 14. Bb5+ c6 15. Bd3 Nf6 16. Nge2 Nfd7 17. Ng3 e6 18. O-O O-O 19. Rad1 Ba6 20. Bxa6 Rxa6 21. b3 c5 22. Nb5 c4 23. Qa2 cxb3 24.
Qxb3 d5 25. f4 Nc4 26. f5 Qe7 27. e5 Qb4 28. Qd3 Nb2 29. Qe2 Nxd1 30. Rxd1 Qc4 31. Qd2 Qxa4 32. Nc3 Qc4 33. f6 Nxf6 34. exf6 Bxf6 35.
Rf1 Bg7 36. Nce2 Kh8 37. Kh1 a4 38. Bxg5 hxg5 39. Qxg5 Qd3 40. h6 Qh7 41. Kg1 Qxh6 42. Qe7 Kg8 43. Nf4 Bxd4+ 0-1

[Event "Late-Titled-Tuesday-Blitz-April-23-2024"]
[Site "Chess.com"]
[Date "2024.04.23"]
[Round "2"]
[White "Der_Balak_3Halak"]
[Black "samidescalona2002"]
[Result "0-1"]
[WhiteElo "2424"]
[BlackElo "2763"]
[TimeControl "180+1"]
[EndTime "14:18:16 PDT"]
[Termination "samidescalona2002 won on time"]

1. e4 c5 2. Nf3 d6 3. Bb5+ Nc6 4. c3 Bd7 5. d4 cxd4 6. cxd4 Nf6 7. Nc3 a6 8. Bxc6 Bxc6 9. d5 Bd7 10. Bg5 g6 11. Qd2 Bg7 12. Bh6 O-O 13. O-O Rc8 14. Bxg7 Kxg7 15.
Rac1 Qb6 16. Nd4 Rc4 17. Nce2 Rfc8 18. f3 h5 19. Kh1 a5 20. b3 R4c5 21. Qg5 Rxc1 22.
Rxc1 Rxc1+ 23. Qxc1 a4 24. Qe3 Qb4 25. Qc3 Qb6 26. b4 Qa6 27. a3 Bb5 28. Nxb5 Qxb5 29. Qc2 Qb6 30. Nc3 Qe3 31. h3 h4 32. Ne2 Qxa3 33.
Qc3 Qa2 34. Nd4 a3 35. Kh2 Qb2 36. Qd3 a2 37. Nc2 Qe5+ 38. Kg1 a1=Q+ 39. Nxa1 Qxa1+ 40. Kh2 Qe5+ 41. Kg1 Nh5 42. Qd1 Ng3 43. b5 Qb2 44. Kh2 Ne2 0-1

[Event "Late-Titled-Tuesday-Blitz-April-23-2024"]
[Site "Chess.com"]
[Date "2024.04.23"]
[Round "2"]
[White "Fins0905"]
[Black "B_nn_t"]
[Result "1/2-1/2"]
[WhiteElo "2781"]
[BlackElo "2557"]
[TimeControl "180+1"]
[EndTime "14:18:18 PDT"]
[Termination "Game drawn by agreement"]

1. Nf3 d5 2. d4 Nf6 3. c4 e6 4.
Bg5 Nbd7 5. cxd5 exd5 6. Nc3 h6 7. Bh4 Be7 8. e3 c6 9. Bd3 Ne4 10. Bxe7 Qxe7 11. Bxe4 dxe4 12. Nd2 Nf6 13. O-O O-O 14.
Qc2 Bf5 15. f4 exf3 16. Qxf5 Qxe3+ 17. Rf2 fxg2 18. Qe5 Qxf2+ 19. Kxf2 Ng4+ 20. Kxg2 Nxe5 21. dxe5 Rfe8 22. Nf3 Rad8 23. Kf2 g5 24. Ne4 Kg7 25. Nd6 Rxe5 26. Nxe5 Rxd6 27. Nc4 Rd4 28. b3 f5 29. h3 Rd3 30. Re1 b5 31. Ne5 Rxh3 32. Nxc6 Rh2+ 33. Kg3 Rxa2 34. b4 h5 35. Re6 Ra3+ 36. Kg2 f4 37.
Ne5 g4 38. Rg6+ Kh7 39. Rf6 Ra2+ 40. Kg1 f3 41. Rf5 Kh6 42. Nd3 Kg6 43. Rxb5 Rg2+ 44. Kf1 Rd2 45. Nf4+ Kf6 46. Nxh5+ Ke6 47. Ra5 Rb2 48.
Nf4+ Kd6 49. Rxa7 Rxb4 50. Nd3 Rd4 51. Ne1 1/2-1/2

[Event "Late-Titled-Tuesday-Blitz-April-23-2024"]
[Site "Chess.com"]
[Date "2024.04.23"]
[Round "2"]
[White "SpeedofLight0"]
[Black "GP9isback23"]
[Result "1-0"]
[WhiteElo "3069"]
[BlackElo "2666"]
[TimeControl "180+1"]
[EndTime "14:18:19 PDT"]
[Termination "SpeedofLight0 won by resignation"]

1. d4 Nf6 2. Nc3 d5 3. Bf4 e6 4. e3 Bd6 5. Qf3 Bxf4 6. exf4 a6 7. O-O-O b5 8. g4 Bb7 9. Bd3 Nc6 10. g5 Nd7 11. Qe3 Nb6 12. Nf3 Qe7 13. f5 O-O-O 14. Rhe1 Rde8 15. Qf4 Qd6 16. Qg4 Kb8 17. Re3 Bc8 18.
Rde1 Nb4 19. Qg3 Nxd3+ 20. cxd3 Kb7 21. Ne5 Rhf8 22. f6 g6 23. Kb1 Nd7 24. Ne2 Nxe5 25. Rxe5 c5 26. dxc5 Qxc5 27. Rc1 Qb6 28. Nd4 Bd7 29.
Nb3 Rc8 30. Ree1 a5 31. d4 Rc4 32. Nc5+ Kc8 33. b3 Rxc1+ 34. Rxc1 Kd8 35. Qd6 Qxd6 36. Nb7+ Ke8 37. Nxd6+ Kd8 38. Nb7+ Ke8 39.
Rc7 h6 40. gxh6 e5 41. dxe5 Bf5+ 42. Kb2 Rh8 43. Nd6+ 1-0